[Event "ICC tourney 2580 (30 10)"]
[Site "Internet Chess Club"]
[Date "2021.05.23"]
[Round "6"]
[White "Park, Lucas:chesspen20"]
[Black "GUAN, MARIE:marieplaychess"]
[Result "1-0"]
[ICCResult "Black checkmated"]
[WhiteElo "1034"]
[BlackElo "951"]
[Opening "Queen's gambit accepted"]
[ECO "D20"]
[NIC "QG.03"]
[Time "13:00:51"]
[PlyCount "113"]
[TimeControl "1800+10"]

1. d4 d5 2. c4 dxc4 3. e3 Nc6 4. Bxc4 Nf6 5. Nf3 Bf5 6. O-O e6 7. Nc3 Bd6
8. b3 Ne7 9. Bb2 c6 10. Re1 Qc7 11. e4 Nxe4 12. Nxe4 Bb4 13. Re2 Rd8 14. a3
Ba5 15. b4 Bb6 16. Bc3 Bxe4 17. Rxe4 c5 18. bxc5 Bxc5 19. Qa4+ Rd7 20. Bb5
Bd6 21. Bxd7+ Kd8 22. Bb5 Qxc3 23. Qd1 Qa5 24. Ba4 b5 25. Bb3 Bxa3 26. Qc1
b4 27. Ne5 Rf8 28. Nc4 Qf5 29. Qf4 Qh5 30. Nxa3 bxa3 31. Qb8+ Nc8 32. Ree1
Ke7 33. Qb4+ Nd6 34. Qxa3 Rd8 35. Qxa7+ Kf6 36. Qc5 Qg4 37. Qe5+ Ke7 38.
Qg3 Qxd4 39. Red1 Qf6 40. Ra7+ Ke8 41. Rxd6 Rxd6 42. Qxd6 g6 43. Qb8+ Qd8
44. Qxd8+ Kxd8 45. Rxf7 e5 46. Rxh7 e4 47. Kf1 g5 48. Ke2 g4 49. Ke3 g3 50.
hxg3 Ke8 51. Kxe4 Kf8 52. g4 Ke8 53. g5 Kf8 54. g6 Ke8 55. g7 Ke7 56. g8=Q+
Kf6 57. Rf7# { Black checkmated } 1-0

[Event "ICC tourney 2580 (30 10)"]
[Site "Internet Chess Club"]
[Date "2021.05.23"]
[Round "6"]
[White "BUTENKO, ZLATA:butik666"]
[Black "Cheng, Samuel:Samuel1001"]
[Result "1-0"]
[ICCResult "Black forfeits on time"]
[WhiteElo "1051"]
[BlackElo "942"]
[Opening "Giuoco Piano"]
[ECO "C50"]
[NIC "IG.02"]
[Time "13:01:14"]
[PlyCount "49"]
[TimeControl "1800+10"]

1. e4 e5 2. Nf3 Nc6 3. Bc4 Bc5 4. O-O Nf6 5. d3 h6 6. Nc3 d6 7. h3 O-O 8.
Be3 Bb6 9. Nd2 Re8 10. Qf3 Nd4 11. Qd1 Be6 12. Ne2 Nxe2+ 13. Qxe2 Qd7 14.
Qf3 Rad8 15. Qg3 Kh7 16. Bxb6 axb6 17. Qe3 d5 18. exd5 Bxd5 19. Bxd5 Qxd5
20. Ne4 Nxe4 21. dxe4 Qc6 22. c3 Qb5 23. Rab1 Rd3 24. Qe2 Red8 25. Rbd1 {
Black forfeits on time } 1-0

[Event "ICC tourney 2580 (30 10)"]
[Site "Internet Chess Club"]
[Date "2021.05.23"]
[Round "6"]
[White "BHOSALE, ARNAV:avbhosale"]
[Black "TRAN, NGUYEN NAM:nguyencaptures"]
[Result "1-0"]
[ICCResult "Black checkmated"]
[WhiteElo "752"]
[BlackElo "1021"]
[Opening "Two knights defense, Perreux variation"]
[ECO "C55"]
[NIC "KP.02"]
[Time "13:00:47"]
[PlyCount "125"]
[TimeControl "1800+10"]

1. e4 e5 2. Nf3 Nc6 3. d4 exd4 4. Bc4 Nf6 5. Ng5 d5 6. exd5 Nxd5 7. Qf3 Ne5
8. Qxd5 Qxd5 9. Bxd5 Bd6 10. f4 Be7 11. fxe5 O-O 12. O-O Bxg5 13. Bxg5 c6
14. Bb3 Be6 15. Bxe6 fxe6 16. Rxf8+ Rxf8 17. Nd2 Rf5 18. Be7 Rxe5 19. Rf1
h6 20. Nc4 Rd5 21. Re1 Kf7 22. Bh4 Kg6 23. Re5 d3 24. cxd3 Rxd3 25. Rxe6+
Kf5 26. Re3 Rd4 27. Rf3+ Kg6 28. Ne5+ Kh7 29. Rh3 Rd1+ 30. Kf2 g5 31. Bxg5
Rd5 32. Rxh6+ Kg7 33. Rg6+ Kh7 34. Rh6+ Kg7 35. Nf3 Rf5 36. Rd6 Rf7 37.
Bh6+ Kh7 38. Kg1 Kg8 39. Rd8+ Kh7 40. Ng5+ Kxh6 41. Nxf7+ Kg6 42. Nd6 b5
43. Rc8 Kf6 44. Rxc6 Ke5 45. Nxb5 a5 46. h4 Kf5 47. Rh6 Kg4 48. h5 Kg5 49.
Ra6 Kxh5 50. Rxa5 Kg4 51. Nc7 Kf4 52. b4 Ke4 53. b5 Ke5 54. b6+ Kd6 55. Rb5
Kc6 56. b7 Kxc7 57. b8=Q+ Kc6 58. Qb7+ Kd6 59. Rd5+ Ke6 60. Qd7+ Kf6 61.
Rf5+ Kg6 62. Qf7+ Kh6 63. Rh5# { Black checkmated } 1-0

[Event "ICC tourney 2580 (30 10)"]
[Site "Internet Chess Club"]
[Date "2021.05.23"]
[Round "7"]
[White "ZENG, CALEB:calebzeng"]
[Black "STIEGLITZ, RHYS BENJAMIN:RhysieB"]
[Result "1-0"]
[ICCResult "Black checkmated"]
[WhiteElo "957"]
[BlackElo "1000"]
[Opening "Giuoco Pianissimo: Italian four knights variation"]
[ECO "C55"]
[NIC "IG.01"]
[Time "15:00:47"]
[PlyCount "49"]
[TimeControl "1800+10"]

1. e4 e5 2. Nf3 Nc6 3. Bc4 Nf6 4. Nc3 Bc5 5. d3 d6 6. Be3 Bb6 7. O-O Nd4 8.
Ng5 O-O 9. Nf3 Be6 10. Bb3 Bg4 11. Bxd4 Bxd4 12. h3 Bh5 13. Rb1 g5 14. g4
Nxg4 15. hxg4 Bxg4 16. Kg2 Kh8 17. Qd2 Bxf3+ 18. Kxf3 f5 19. Ke2 fxe4 20.
Nxe4 d5 21. Nxg5 Qf6 22. Bxd5 h6 23. Ne4 Qf3+ 24. Ke1 Qg2 25. Qxh6# { Black
checkmated } 1-0

[Event "ICC tourney 2580 (30 10)"]
[Site "Internet Chess Club"]
[Date "2021.05.23"]
[Round "7"]
[White "ADUSUMALLI, ANIRUDH SAI:Anichess2009"]
[Black "TONG, IAN:Iantong18"]
[Result "1-0"]
[ICCResult "Black resigns"]
[WhiteElo "886"]
[BlackElo "918"]
[Opening "Ruy Lopez: exchange variation"]
[ECO "C68"]
[NIC "RL.08"]
[Time "15:00:43"]
[PlyCount "105"]
[TimeControl "1800+10"]

1. e4 e5 2. Nf3 Nc6 3. Bb5 a6 4. Bxc6 dxc6 5. Nxe5 Qd4 6. Nf3 Qxe4+ 7. Qe2
Qxe2+ 8. Kxe2 Be6 9. Re1 Nf6 10. Nc3 Bc5 11. Kf1 O-O 12. d3 Bg4 13. Ne5 Be6
14. Bg5 Be7 15. Ne4 Nxe4 16. Bxe7 Rfe8 17. Bh4 Nd6 18. Re2 Nf5 19. Bg5 f6
20. Bf4 fxe5 21. Bxe5 Bd5 22. c4 Bf7 23. Bxc7 Rxe2 24. Kxe2 Nd4+ 25. Kd2
Re8 26. Re1 Rxe1 27. Kxe1 Bg6 28. Kd2 Ne6 29. Be5 Kf7 30. g4 Nc5 31. d4
Ne4+ 32. Ke3 Ke6 33. f3 Nc5 34. Bxg7 Nd7 35. f4 Nb6 36. f5+ Kf7 37. fxg6+
Kxg7 38. gxh7 Kxh7 39. c5 Nc4+ 40. Kd3 Nxb2+ 41. Kc2 Na4 42. Kb3 Nxc5+ 43.
dxc5 Kg6 44. Ka4 b5+ 45. Ka5 Kf6 46. Kxa6 Ke5 47. Kb6 Kd5 48. h4 b4 49. Ka5
Kc4 50. h5 Kxc5 51. h6 Kd5 52. h7 c5 53. h8=Q { Black resigns } 1-0

[Event "ICC tourney 2580 (30 10)"]
[Site "Internet Chess Club"]
[Date "2021.05.23"]
[Round "7"]
[White "GOUW, KEVIAN:grandmasted"]
[Black "Sajja, Sampath:sampathsajja"]
[Result "1-0"]
[ICCResult "Black checkmated"]
[WhiteElo "803"]
[BlackElo "761"]
[Opening "Queen's pawn: Charlick (Englund) gambit"]
[ECO "A40"]
[NIC "QO.17"]
[Time "15:00:40"]
[PlyCount "123"]
[TimeControl "1800+10"]

1. d4 e5 2. dxe5 Nc6 3. Nf3 Qe7 4. Bf4 Qb4+ 5. Bd2 Qxb2 6. Nc3 Bb4 7. Rb1
Qa3 8. Rb3 Qa5 9. Ne4 Bxd2+ 10. Nexd2 Qxa2 11. g3 d6 12. exd6 Be6 13. Rd3
Nb4 14. Rc3 cxd6 15. Bg2 Rc8 16. Rxc8+ Bxc8 17. c3 Nc2+ 18. Kf1 Nf6 19. Qc1
O-O 20. Nd4 Nxd4 21. cxd4 Re8 22. Qd1 Bg4 23. f3 Bh5 24. h4 Qa6 25. g4 Nxg4
26. fxg4 Bxg4 27. Be4 Bxe2+ 28. Qxe2 Qxe2+ 29. Kxe2 d5 30. Kd3 dxe4+ 31.
Nxe4 f5 32. Nd6 Rb8 33. Nxf5 Kf7 34. Nd6+ Ke6 35. Nc4 b5 36. Nb2 b4 37. Rc1
a5 38. Rc5 a4 39. Nxa4 Kd6 40. Kc4 Ke6 41. Rb5 Rxb5 42. Kxb5 b3 43. Kc4 Kf5
44. d5 g5 45. hxg5 Kxg5 46. d6 h5 47. d7 b2 48. Nxb2 h4 49. d8=Q+ Kg4 50.
Qd4+ Kg3 51. Qe3+ Kg4 52. Nd1 h3 53. Nf2+ Kh4 54. Qxh3+ Kg5 55. Qg4+ Kf6
56. Kd5 Ke7 57. Qe6+ Kd8 58. Qf7 Kc8 59. Ne4 Kd8 60. Nc5 Kc8 61. Qd7+ Kb8
62. Qb7# { Black checkmated } 1-0

[Event "ICC tourney 2580 (30 10)"]
[Site "Internet Chess Club"]
[Date "2021.05.23"]
[Round "7"]
[White "Zhang, Oscar Yihang:oscaryhz"]
[Black "Park, Lucas:chesspen20"]
[Result "1-0"]
[ICCResult "Black checkmated"]
[WhiteElo "1036"]
[BlackElo "1034"]
[Opening "QGD Slav defense"]
[ECO "D10"]
[NIC "SL.01"]
[Time "15:00:49"]
[PlyCount "93"]
[TimeControl "1800+10"]

1. d4 d5 2. c4 c6 3. e3 Nf6 4. Nc3 Bf5 5. Nf3 e6 6. Be2 Be7 7. O-O O-O 8.
Qb3 c5 9. Bd2 cxd4 10. Nxd4 dxc4 11. Bxc4 Ng4 12. h3 Ne5 13. Nce2 Nxc4 14.
Qxc4 Bf6 15. Rad1 Qc8 16. Qxc8 Rxc8 17. Rc1 Rxc1 18. Rxc1 Na6 19. b4 g6 20.
b5 Nb8 21. Rc8+ Kg7 22. Bb4 Kh6 23. Bd6 a5 24. Nxf5+ exf5 25. Rxb8 Ra7 26.
Bc5 b6 27. Rxb6 Be5 28. Rxg6+ fxg6 29. Bxa7 Bc7 30. b6 Bxb6 31. Bxb6 a4 32.
Nc3 Kg7 33. Nxa4 Kf7 34. Nc5 Ke7 35. a4 Kd6 36. a5 Kc6 37. e4 fxe4 38. Nxe4
g5 39. Nxg5 Kb7 40. Nxh7 Ka6 41. f4 Kb7 42. f5 Ka8 43. f6 Kb8 44. f7 Ka8
45. f8=Q+ Kb7 46. Qe7+ Kc8 47. Qc7# { Black checkmated } 1-0

[Event "ICC tourney 2580 (30 10)"]
[Site "Internet Chess Club"]
[Date "2021.05.23"]
[Round "7"]
[White "SINTON, LUC:LucSinton"]
[Black "Cheng, Samuel:Samuel1001"]
[Result "0-1"]
[ICCResult "White checkmated"]
[WhiteElo "674"]
[BlackElo "942"]
[Opening "Four knights: Spanish variation"]
[ECO "C48"]
[NIC "KP.03"]
[Time "15:00:49"]
[PlyCount "96"]
[TimeControl "1800+10"]

1. e4 e5 2. Nf3 Nc6 3. Nc3 Nf6 4. Bb5 d6 5. Bxc6+ bxc6 6. O-O Be7 7. d3 O-O
8. Be3 Bg4 9. h3 Bh5 10. d4 exd4 11. Bxd4 c5 12. Bxf6 Bxf6 13. Qd3 Re8 14.
Rfe1 Rb8 15. b3 Qd7 16. Nd5 Bxa1 17. Rxa1 c6 18. Nf4 Bg6 19. Nxg6 fxg6 20.
e5 Rbd8 21. Rd1 d5 22. a3 Qf5 23. Qe3 d4 24. Qe2 Qe6 25. Re1 d3 26. cxd3
Qxb3 27. Qe4 Qxd3 28. Qxc6 Qxa3 29. Qxc5 Qxc5 30. Rf1 a5 31. Nh2 a4 32. Ra1
Qxe5 33. Rxa4 Rd1+ 34. Nf1 Qb5 35. Ra2 Qxf1+ 36. Kh2 Qh1+ 37. Kg3 Rd3+ 38.
f3 Qe1+ 39. Rf2 Qe5+ 40. Kh4 Rd4+ 41. g4 g5+ 42. Kh5 g6+ 43. Kh6 Qg7+ 44.
Kxg5 Re5+ 45. Kh4 Qh6+ 46. Kg3 Qc1 47. f4 Qg1+ 48. Kh4 Qxf2# { White
checkmated } 0-1

[Event "ICC tourney 2580 (30 10)"]
[Site "Internet Chess Club"]
[Date "2021.05.23"]
[Round "7"]
[White "Koza, Shawn:shawnkz"]
[Black "DASARI, ADIT RAJ:AlectroGamerAD"]
[Result "0-1"]
[ICCResult "White checkmated"]
[WhiteElo "809"]
[BlackElo "920"]
[Opening "Giuoco Piano"]
[ECO "C50"]
[NIC "IG.02"]
[Time "15:00:50"]
[PlyCount "214"]
[TimeControl "1800+10"]

1. e4 e5 2. Nf3 Nc6 3. Bc4 Bc5 4. O-O h6 5. d3 Nf6 6. Nc3 O-O 7. Be3 Bb6 8.
Nd5 Nxd5 9. Bxd5 Qf6 10. Nd2 Re8 11. Qf3 Qxf3 12. Nxf3 Nb4 13. Bb3 Bxe3 14.
fxe3 Nc6 15. Rae1 d6 16. d4 exd4 17. exd4 Bg4 18. c3 Bxf3 19. Rxf3 Re7 20.
Rfe3 Kf8 21. e5 dxe5 22. d5 Nd8 23. Rxe5 Rxe5 24. Rxe5 f6 25. Re1 Nf7 26.
Kf2 Rd8 27. c4 Ne5 28. Kg3 Nd3 29. Re2 Nc1 30. Re3 Nxb3 31. Rxb3 b6 32. Re3
Re8 33. Rxe8+ Kxe8 34. Kf4 Ke7 35. Ke4 Kd6 36. Kd4 c5+ 37. Ke4 a5 38. a4 g6
39. g4 Ke7 40. h4 Kd6 41. b3 Ke7 42. Kf4 Kd6 43. g5 hxg5+ 44. hxg5 f5 45.
Ke3 Ke5 46. Kf3 Kd6 47. Kf4 Ke7 48. Ke5 Kf7 49. d6 Ke8 50. Kd5 Kd7 51. Ke5
Ke8 52. Kd5 f4 53. Ke4 f3 54. Kxf3 Kd7 55. Ke4 Kxd6 56. Kf4 Ke6 57. Ke4 Kd6
58. Kf4 Ke6 59. Ke4 Kd6 60. Kd3 Ke5 61. Ke3 Kf5 62. Kf3 Kxg5 63. Kg3 Kf5
64. Kf3 Ke5 65. Ke3 g5 66. Kd3 g4 67. Ke3 g3 68. Kf3 g2 69. Kxg2 Kd4 70.
Kf2 Kc3 71. Ke3 Kxb3 72. Kd3 Kxa4 73. Kc3 Ka3 74. Kc2 Kb4 75. Kb2 Kxc4 76.
Ka3 b5 77. Kb2 a4 78. Ka2 b4 79. Ka1 Kd3 80. Kb2 c4 81. Kb1 c3 82. Kc1 b3
83. Kb1 a3 84. Ka1 b2+ 85. Kb1 c2+ 86. Ka2 c1=Q 87. Kxa3 b1=Q+ 88. Ka4 Qb4+
89. Kxb4 Qf4+ 90. Kc5 Ke2 91. Kd5 Qe3 92. Kd6 Qe4 93. Kd7 Qe5 94. Kd8 Qe6
95. Kc7 Qd5 96. Kc8 Qf7 97. Kd8 Qe6 98. Kc7 Qd5 99. Kb6 Qc4 100. Kb7 Qc5
101. Ka6 Qb4 102. Ka7 Qb5 103. Ka8 Ke3 104. Ka7 Kd4 105. Ka8 Kc5 106. Ka7
Kc6 107. Ka8 Qb7# { White checkmated } 0-1

[Event "ICC tourney 2580 (30 10)"]
[Site "Internet Chess Club"]
[Date "2021.05.23"]
[Round "7"]
[White "GUAN, MARIE:marieplaychess"]
[Black "AGGARWAL, AYAAN:ayaanagg"]
[Result "0-1"]
[ICCResult "White checkmated"]
[WhiteElo "951"]
[BlackElo "869"]
[Opening "Sicilian: Flohr variation"]
[ECO "B32"]
[NIC "SI.32"]
[Time "15:00:39"]
[PlyCount "128"]
[TimeControl "1800+10"]

1. e4 c5 2. Nf3 Nc6 3. d4 cxd4 4. Nxd4 Qc7 5. c4 e5 6. Nb5 Bb4+ 7. Bd2
Bxd2+ 8. Nxd2 Qb8 9. Nf3 Nf6 10. Nd6+ Kf8 11. Bd3 Qxd6 12. O-O b6 13. b3
Ba6 14. a3 Nd4 15. Bc2 Rc8 16. Qd3 b5 17. Nxd4 exd4 18. Rfe1 bxc4 19. bxc4
Bxc4 20. Qd1 d3 21. Ba4 Qd4 22. Qf3 d2 23. Red1 Qxe4 24. Rxd2 Qxf3 25. gxf3
Bd5 26. Bxd7 Nxd7 27. Rxd5 Nb6 28. Rd4 Ke7 29. Re1+ Kf8 30. Kg2 h5 31. Re5
f6 32. Rf5 Rh6 33. Rh4 Rg6+ 34. Kh3 Rh6 35. Ra5 g5 36. Re4 f5 37. Rxf5+ Kg7
38. Rxg5+ Kf6 39. Kh4 Rc4 40. Rxc4 Nxc4 41. a4 Ne5 42. Rg3 Ng6+ 43. Kh3
Nf4+ 44. Kh4 Ng6+ 45. Kh3 h4 46. Rg1 Nf4+ 47. Kg4 Rg6+ 48. Kxf4 Rxg1 49. h3
Ra1 50. Kg4 Rxa4+ 51. f4 a5 52. Kxh4 Rb4 53. Kg4 a4 54. h4 a3 55. h5 a2 56.
h6 a1=Q 57. h7 Ke6 58. Kg5 Qg7+ 59. Kh5 Qxh7+ 60. Kg5 Rb5+ 61. Kg4 Qh5+ 62.
Kg3 Rb3+ 63. Kg2 Qh3+ 64. Kg1 Rb1# { White checkmated } 0-1

[Event "ICC tourney 2580 (30 10)"]
[Site "Internet Chess Club"]
[Date "2021.05.23"]
[Round "7"]
[White "Bi, Lige:Bilige1103"]
[Black "SPANTZEL, ARNOLD:ThorGodOfBlitz"]
[Result "1-0"]
[ICCResult "Black checkmated"]
[WhiteElo "829"]
[BlackElo "1082"]
[Opening "QGD: 4.Bg5 Be7"]
[ECO "D53"]
[NIC "QO.13"]
[Time "15:00:38"]
[PlyCount "65"]
[TimeControl "1800+10"]

1. d4 d5 2. c4 e6 3. Nc3 Nf6 4. Bg5 Be7 5. e3 h6 6. Bh4 Nc6 7. Bd3 dxc4 8.
Bxc4 O-O 9. Nf3 Nd5 10. Bxe7 Ncxe7 11. e4 Nb6 12. Bb3 c6 13. O-O Ng6 14.
Ne2 Qe7 15. e5 Rd8 16. Ne1 Nxe5 17. Qc2 Ng6 18. Nf3 Nd5 19. Rfe1 Qd6 20.
Rad1 Ngf4 21. Nxf4 Nxf4 22. Ne5 Nd5 23. Qe4 Nf6 24. Qf3 Qc7 25. h3 Nd5 26.
Re4 Nf6 27. Rf4 Rf8 28. Rc1 Bd7 29. Rc3 Rac8 30. Rxf6 gxf6 31. Qxf6 Be8 32.
Rg3+ Kh7 33. Qg7# { Black checkmated } 1-0

[Event "ICC tourney 2580 (30 10)"]
[Site "Internet Chess Club"]
[Date "2021.05.23"]
[Round "7"]
[White "BANERJEE, ISHAAN:ishban"]
[Black "VILLEGAS, HOWARD ANDREI:HowardAV5223"]
[Result "0-1"]
[ICCResult "White checkmated"]
[WhiteElo "945"]
[BlackElo "922"]
[Opening "English, Kramnik-Shirov counterattack"]
[ECO "A21"]
[NIC "EO.23"]
[Time "15:00:40"]
[PlyCount "228"]
[TimeControl "1800+10"]

1. c4 e5 2. Nc3 Bb4 3. Qc2 Bxc3 4. Qxc3 Nc6 5. d3 d6 6. Nf3 h6 7. g3 Nf6 8.
Bg2 O-O 9. Bd2 Re8 10. O-O e4 11. dxe4 Nxe4 12. Qc2 Nf6 13. Bc3 Bg4 14. b4
Ne4 15. b5 Nxc3 16. Qxc3 Ne7 17. Qd4 Qc8 18. Rfe1 Bh3 19. Qh4 Bxg2 20. Kxg2
Ng6 21. Qd4 Qf5 22. Rac1 Ne5 23. Nxe5 Qxe5 24. Qxe5 Rxe5 25. e3 a6 26. a4
c6 27. Rb1 Rc5 28. Rec1 axb5 29. cxb5 Rxc1 30. Rxc1 c5 31. Ra1 b6 32. Kf3
d5 33. Ke2 Kf8 34. Kd3 Ke7 35. e4 d4 36. f4 Kd6 37. g4 g5 38. fxg5 hxg5 39.
Rf1 Rxa4 40. Rxf7 Ra3+ 41. Kd2 Ra2+ 42. Kd3 Rb2 43. Rf6+ Kc7 44. Rf7+ Kd8
45. Rg7 Rb3+ 46. Kd2 Rxb5 47. Rxg5 Rb2+ 48. Kd3 Rxh2 49. e5 Rh3+ 50. Kd2
Re3 51. Rf5 Ke7 52. Rf6 Rxe5 53. Rxb6 Rg5 54. Rc6 Kd7 55. Rf6 Rxg4 56. Rh6
Re4 57. Rg6 Re6 58. Rg5 Kd6 59. Kd3 Re5 60. Rg6+ Kd5 61. Rg8 Re3+ 62. Kd2
Kc4 63. Rg4 Rd3+ 64. Kc2 Rc3+ 65. Kd2 Kb3 66. Rg8 Kc4 67. Rg4 Re3 68. Rh4
Kd5 69. Rh5+ Re5 70. Rh4 c4 71. Kc2 d3+ 72. Kd2 Re2+ 73. Kd1 Re4 74. Rh5+
Kd4 75. Rh8 c3 76. Rd8+ Ke3 77. Rc8 c2+ 78. Kc1 Ke2 79. Rd8 Ke3 80. Rc8 Rd4
81. Re8+ Kf4 82. Rf8+ Ke5 83. Re8+ Kf6 84. Rf8+ Ke7 85. Rf1 Ra4 86. Kd2 Ra3
87. Rh1 Ke6 88. Rg1 Kf5 89. Re1 Kf4 90. Rf1+ Ke4 91. Rh1 Kf3 92. Rh3+ Kf4
93. Rh1 Ke5 94. Re1+ Kd5 95. Rh1 Kc4 96. Rh4+ Kb3 97. Rh8 Kb2 98. Rb8+ Rb3
99. Rc8 Kb1 100. Rc4 Rb2 101. Kxd3 c1=Q 102. Rxc1+ Kxc1 103. Ke4 Rd2 104.
Kf4 Re2 105. Kg4 Rf2 106. Kh5 Rg2 107. Kh6 Kd2 108. Kh7 Ke3 109. Kh6 Kf4
110. Kh7 Kf5 111. Kh6 Rg1 112. Kh7 Kf6 113. Kh8 Kf7 114. Kh7 Rh1# { White
checkmated } 0-1

[Event "ICC tourney 2580 (30 10)"]
[Site "Internet Chess Club"]
[Date "2021.05.23"]
[Round "7"]
[White "SRIDHAR, VINAY:VinaySridhar"]
[Black "BHOSALE, ARNAV:avbhosale"]
[Result "1-0"]
[ICCResult "Black checkmated"]
[WhiteElo "1054"]
[BlackElo "752"]
[Opening "QGD: 4.Bg5"]
[ECO "D38"]
[NIC "QO.16"]
[Time "15:00:38"]
[PlyCount "153"]
[TimeControl "1800+10"]

1. d4 d5 2. c4 Nf6 3. Nc3 e6 4. Bg5 Bb4 5. Nf3 Nc6 6. e3 h6 7. Bh4 g5 8.
Bg3 Ne4 9. Qc2 Nxc3 10. bxc3 Bd6 11. Bd3 Qf6 12. O-O Bd7 13. Rab1 O-O-O 14.
Qb2 b6 15. Bxd6 cxd6 16. Qa3 dxc4 17. Bxc4 d5 18. Bd3 Qe7 19. Qa6+ Kb8 20.
Rb2 Bc8 21. Qa4 Bd7 22. Bb5 Kb7 23. Rfb1 g4 24. Qa6+ Kb8 25. Bxc6 Bxc6 26.
Ne5 Bb7 27. Qb5 Rd6 28. Nxg4 Rg8 29. Ne5 Qg5 30. g3 Qe7 31. a4 a6 32. Qb4
a5 33. Qb5 Kc7 34. Qe2 f6 35. Nf3 Rc6 36. Rb3 f5 37. Ne5 Rd6 38. Qb2 Rb8
39. Rxb6 Rxb6 40. Qxb6+ Kc8 41. Qxa5 Qh7 42. Rb6 Ra8 43. Qc5+ Qc7 44. Qxc7+
Kxc7 45. Rxe6 Rxa4 46. Rxh6 Ra3 47. Kg2 Rxc3 48. Kf3 Rc2 49. h3 Ra2 50. g4
fxg4+ 51. hxg4 Ra8 52. g5 Rf8+ 53. Ke2 Ba6+ 54. Ke1 Rb8 55. f4 Rb2 56. Rh3
Re2+ 57. Kd1 Ra2 58. Ke1 Re2+ 59. Kd1 Ra2 60. Rg3 Ra1+ 61. Kc2 Ra2+ 62. Kb1
Re2 63. g6 Bc4 64. g7 Ba2+ 65. Ka1 Bb3 66. g8=Q Ra2+ 67. Kb1 Re2 68. Rg6
Bc2+ 69. Kc1 Bxg6 70. Qxg6 Rxe3 71. f5 Re4 72. f6 Rxd4 73. f7 Re4 74. f8=Q
Rxe5 75. Qff7+ Re7 76. Qxe7+ Kb8 77. Qg8# { Black checkmated } 1-0

[Event "ICC tourney 2580 (30 10)"]
[Site "Internet Chess Club"]
[Date "2021.05.23"]
[Round "7"]
[White "NGUYEN, THANH VIET:thanhcaptures"]
[Black "BUTENKO, ZLATA:butik666"]
[Result "0-1"]
[ICCResult "White checkmated"]
[WhiteElo "1187"]
[BlackElo "1051"]
[Opening "two knights: Max Lange attack"]
[ECO "C55"]
[NIC "KP.02"]
[Time "15:00:40"]
[PlyCount "142"]
[TimeControl "1800+10"]

1. e4 e5 2. Nf3 Nc6 3. Bc4 Nf6 4. d4 exd4 5. O-O Bc5 6. e5 Ne4 7. Re1 d5 8.
Bd3 O-O 9. Bxe4 dxe4 10. Rxe4 f6 11. e6 Qd5 12. Qe2 Re8 13. c4 Qd6 14. Bf4
Qe7 15. Nbd2 f5 16. Bg5 Qd6 17. Rf4 Rxe6 18. Qd3 Rg6 19. g3 Ne5 20. Nxe5
Qxe5 21. Nf3 Qd6 22. a3 h6 23. Rh4 Bd7 24. Bf4 Qc6 25. Ne5 Qe6 26. Nxg6
Qxg6 27. b4 Be7 28. Rh3 Qg4 29. Kg2 Qg6 30. Qxd4 Bc6+ 31. f3 Qg4 32. Qf2
Qg6 33. b5 Bd7 34. Rd1 Bc8 35. Bxc7 f4 36. g4 Bxg4 37. fxg4 Qxg4+ 38. Rg3
fxg3 39. Qd4 Qe2+ 40. Kxg3 Rf8 41. Qd5+ Kh8 42. Kh3 Bg5 43. Bg3 Qh5+ 44.
Kg2 Qe2+ 45. Kh3 Rd8 46. Qxg5 hxg5 47. Rxd8+ Kh7 48. Rd5 Qe6+ 49. Kg2 g4
50. Re5 Qxc4 51. h3 Qc2+ 52. Kh1 Qc1+ 53. Re1 Qxa3 54. Rg1 gxh3 55. Kh2
Qb2+ 56. Kxh3 Qxb5 57. Rh1 Kg8 58. Kg2 a5 59. Re1 a4 60. Be5 a3 61. Kf2
Qc5+ 62. Kf1 Qc4+ 63. Kf2 a2 64. Ba1 Qf4+ 65. Kg1 Qf5 66. Rf1 Qb1 67. Kg2
Qg6+ 68. Kh1 Qe4+ 69. Kg1 Qg4+ 70. Kh1 b5 71. Rg1 Qh3# { White checkmated }
0-1

[Event "ICC tourney 2580 (30 10)"]
[Site "Internet Chess Club"]
[Date "2021.05.23"]
[Round "8"]
[White "TONG, IAN:Iantong18"]
[Black "ZENG, CALEB:calebzeng"]
[Result "0-1"]
[ICCResult "White resigns"]
[WhiteElo "918"]
[BlackElo "957"]
[Opening "Three knights game"]
[ECO "C46"]
[NIC "KP.06"]
[Time "17:01:08"]
[PlyCount "98"]
[TimeControl "1800+10"]

1. e4 e5 2. Nc3 Nc6 3. Nf3 d6 4. Bb5 Bd7 5. Bxc6 Bxc6 6. d4 exd4 7. Nxd4
Nf6 8. Nxc6 bxc6 9. O-O Be7 10. Re1 O-O 11. e5 dxe5 12. Qxd8 Raxd8 13. Rxe5
Bd6 14. Re1 Rfe8 15. Bg5 Be5 16. Re2 Bxc3 17. Rxe8+ Rxe8 18. bxc3 h6 19.
Bxf6 gxf6 20. h3 Re5 21. Rb1 Rb5 22. Rxb5 cxb5 23. Kf1 Kf8 24. Ke2 Ke7 25.
Kd3 c5 26. c4 b4 27. c3 a5 28. cxb4 axb4 29. Ke4 Ke6 30. f4 f5+ 31. Ke3 f6
32. g4 fxg4 33. hxg4 f5 34. g5 hxg5 35. fxg5 Ke5 36. Kf3 f4 37. Kg4 Ke4 38.
g6 f3 39. g7 f2 40. g8=Q f1=Q 41. Qe6+ Kd4 42. Qd5+ Kc3 43. Qxc5 Qxc4+ 44.
Qxc4+ Kxc4 45. Kf3 Kc3 46. Ke2 Kb2 47. a4 bxa3 48. Kd1 a2 49. Kd2 a1=Q {
White resigns } 0-1

[Event "ICC tourney 2580 (30 10)"]
[Site "Internet Chess Club"]
[Date "2021.05.23"]
[Round "8"]
[White "DASARI, ADIT RAJ:AlectroGamerAD"]
[Black "Sajja, Sampath:sampathsajja"]
[Result "1-0"]
[ICCResult "Black checkmated"]
[WhiteElo "920"]
[BlackElo "761"]
[Opening "King's pawn game"]
[ECO "C50"]
[NIC "IG.03"]
[Time "17:01:13"]
[PlyCount "71"]
[TimeControl "1800+10"]

1. e4 e5 2. Nf3 Nc6 3. Bc4 h6 4. O-O Nf6 5. Nc3 Be7 6. d3 O-O 7. h3 d6 8.
a3 Bd7 9. Bb5 Qc8 10. Bxc6 bxc6 11. Kh2 Kh7 12. Re1 Rg8 13. Be3 g5 14. Nd2
d5 15. exd5 cxd5 16. Nb3 Bd6 17. g3 h5 18. d4 e4 19. Rg1 h4 20. Ne2 hxg3+
21. fxg3 Bxh3 22. Rg2 Bxg2 23. Kxg2 Kg6 24. Qg1 Rh8 25. Kf2 Ng4+ 26. Kg2
Nxe3+ 27. Qxe3 Qh3+ 28. Kf2 Qh2+ 29. Ke1 Qg2 30. Kd2 Rh3 31. Rg1 Qh2 32.
Na5 Rxg3 33. Rxg3 Bf4 34. Qxf4 Kh6 35. Qxg5+ Kh7 36. Qg7# { Black
checkmated } 1-0

[Event "ICC tourney 2580 (30 10)"]
[Site "Internet Chess Club"]
[Date "2021.05.23"]
[Round "8"]
[White "Zhang, Oscar Yihang:oscaryhz"]
[Black "BANERJEE, ISHAAN:ishban"]
[Result "1-0"]
[ICCResult "Black checkmated"]
[WhiteElo "1036"]
[BlackElo "945"]
[Opening "QGD: Ragozin variation"]
[ECO "D38"]
[NIC "NI.27"]
[Time "17:01:05"]
[PlyCount "115"]
[TimeControl "1800+10"]

1. d4 Nf6 2. c4 e6 3. Nf3 d5 4. Nc3 Bb4 5. Ne5 Bd7 6. Qb3 Bxc3+ 7. bxc3 b6
8. Ba3 Nc6 9. g3 Nxe5 10. dxe5 Ng4 11. cxd5 Nxe5 12. Bg2 Rb8 13. O-O c5 14.
dxc6 Bxc6 15. Bh3 Qd5 16. Qxd5 Bxd5 17. Bd6 Nc6 18. Bxb8 Nxb8 19. Bg2 Bxg2
20. Kxg2 O-O 21. Rad1 Rc8 22. Rd2 Kf8 23. Rfd1 Ke7 24. Rd3 Rc7 25. Kf3 Rd7
26. Rxd7+ Nxd7 27. Ke4 Nc5+ 28. Kd4 f6 29. f4 h6 30. e4 Kd6 31. e5+ fxe5+
32. fxe5+ Kc6 33. Kc4 Nd7 34. Rd6+ Kc7 35. Rxe6 a6 36. Re7 Kc6 37. Kd4 Nc5
38. Kc4 a5 39. Kd4 h5 40. Ke3 Kd5 41. Rxg7 Kxe5 42. Rg5+ Kd6 43. Rxh5 Na4
44. Rh6+ Kc5 45. g4 Nxc3 46. g5 Nd5+ 47. Ke4 b5 48. g6 b4 49. Rh5 Kd6 50.
Rxd5+ Ke6 51. Rf5 a4 52. g7 b3 53. g8=Q+ Kd6 54. Rf6+ Kc5 55. Qd5+ Kb4 56.
Rb6+ Ka3 57. Qd2 bxa2 58. Qc3# { Black checkmated } 1-0

[Event "ICC tourney 2580 (30 10)"]
[Site "Internet Chess Club"]
[Date "2021.05.23"]
[Round "8"]
[White "SINTON, LUC:LucSinton"]
[Black "GOUW, KEVIAN:grandmasted"]
[Result "0-1"]
[ICCResult "White resigns"]
[WhiteElo "674"]
[BlackElo "803"]
[Opening "Four knights: Ranken variation"]
[ECO "C48"]
[NIC "KP.03"]
[Time "17:01:07"]
[PlyCount "84"]
[TimeControl "1800+10"]

1. e4 e5 2. Nf3 Nc6 3. Nc3 Nf6 4. Bb5 a6 5. Bxc6 dxc6 6. Nxe5 Qe7 7. Nf3
Nxe4 8. Qe2 Nxc3 9. Qxe7+ Bxe7 10. dxc3 O-O 11. O-O Bg4 12. Re1 Bxf3 13.
Rxe7 Bg4 14. Rxc7 Rfe8 15. Bf4 Bc8 16. Kf1 Re6 17. Rd1 Re8 18. Re7 Kf8 19.
Rd8 Rxd8 20. Re1 f6 21. Bc7 Re8 22. Rxe8+ Kxe8 23. Ke1 Bg4 24. f3 Bf5 25.
g4 Bxc2 26. h4 Rc8 27. Bb6 Ke7 28. Bc5+ Kd7 29. f4 Re8+ 30. Kd2 Bg6 31. g5
fxg5 32. hxg5 Re4 33. Be3 h6 34. gxh6 gxh6 35. Kd3 Rxf4+ 36. Ke2 Re4 37.
Kf3 Re6 38. Bxh6 Bh5+ 39. Kf4 Rxh6 40. Kg5 Rh8 41. Kh4 Bg6+ 42. Kg5 Rg8 {
White resigns } 0-1